NCAA
NOTRE DAME FIGHTING IRISH @ OKLAHOMA SOONERS
04/04/2025
 
TOP OF THE 1ST
Notre Dame Fighting Irish batting - Pitching for Oklahoma Sooners : LHP Bob Pitchforth
Pitching: LHP Bob Pitchforth
Batting: SHB Ray Reid 0-0: Ball
1-0: Ball
2-0: Ball
3-0: Base on Balls
Batting: SHB Ron Estes 0-0: Called Strike
0-1: Fly out, F8 (Flyball, 8RM)
Batting: RHB António Muńóz 0-0: Called Strike
0-1: Called Strike
0-2: Grounds into double play, 6-4-3 (Groundball, 6M)
Top of the 1st over - 0 run(s), 0 hit(s), 0 error(s), 0 left on base; Notre Dame 0 - Oklahoma 0
BOTTOM OF THE 1ST
Oklahoma Sooners batting - Pitching for Notre Dame Fighting Irish : RHP Bill Wiggins
Pitching: RHP Bill Wiggins
Batting: LHB Keith Green 0-0: Ball
1-0: DOUBLE (Line Drive, 8RS)
Batting: SHB César Álvarez 0-0: Ball
1-0: Ball
2-0: Ball
3-0: Called Strike
3-1: Swinging Strike
3-2: Strikes out swinging
Batting: RHB Ralph Hayes 0-0: Swinging Strike
0-1: Ball
1-1: Ball
2-1: Foul Ball, location: 2F
2-2: Ball
3-2: Strikes out swinging
Batting: SHB Donald Reed 0-0: Ground out 1-3 (Groundball, 15)
Bottom of the 1st over - 0 run(s), 1 hit(s), 0 error(s), 1 left on base; Notre Dame 0 - Oklahoma 0
TOP OF THE 2ND
Notre Dame Fighting Irish batting - Pitching for Oklahoma Sooners : LHP Bob Pitchforth
Batting: RHB Carlos Gómez 0-0: Ball
1-0: Ball
2-0: Called Strike
2-1: Foul Ball, location: 2F
2-2: Strikes out swinging
Batting: SHB Ken Austin 0-0: Swinging Strike
0-1: Ball
1-1: Swinging Strike
1-2: Ball
2-2: Strikes out looking
Batting: LHB Lou Goeble 0-0: Ball
1-0: Called Strike
1-1: Ball
2-1: Foul Ball, location: 2F
2-2: Ball
3-2: Fly out, F8 (Flyball, 8LM)
Top of the 2nd over - 0 run(s), 0 hit(s), 0 error(s), 0 left on base; Notre Dame 0 - Oklahoma 0
BOTTOM OF THE 2ND
Oklahoma Sooners batting - Pitching for Notre Dame Fighting Irish : RHP Bill Wiggins
Batting: RHB Rafael Barajas 0-0: Ball
1-0: Ball
2-0: Foul Ball, location: 2F
2-1: Swinging Strike
2-2: Ball
3-2: Base on Balls
Batting: RHB Steven Wright 0-0: Foul Ball, location: 2F
0-1: Fly out, F9 (Flyball, 89M)
Batting: RHB José Ramos 0-0: Ball
1-0: 2-RUN HOME RUN (Flyball, 9D), Distance : 342 ft
Batting: SHB Ryan Holcomb 0-0: Foul Ball, location: 2F
0-1: Ball
1-1: SINGLE (Groundball, 34D)
Batting: RHB Chris Wilson 0-0: Ball
Ryan Holcomb is caught stealing 2nd base
1-0: Ball
2-0: Ball
3-0: Base on Balls
Batting: LHB Keith Green 0-0: Ball
1-0: Ball
2-0: Fly out, F7 (Flyball, 7D)
Bottom of the 2nd over - 2 run(s), 2 hit(s), 0 error(s), 1 left on base; Notre Dame 0 - Oklahoma 2
TOP OF THE 3RD
Notre Dame Fighting Irish batting - Pitching for Oklahoma Sooners : LHP Bob Pitchforth
Batting: RHB Ron Campbell 0-0: Foul Ball, location: 2F
0-1: Foul Ball, location: 2F
0-2: Ball
1-2: Strikes out swinging, 2-3 out at first.
Batting: RHB Lee Scott 0-0: Called Strike
0-1: Called Strike
0-2: SOLO HOME RUN (Flyball, 9LD), Distance : 332 ft
Batting: RHB Isaac Ridings 0-0: Called Strike
0-1: SINGLE (Groundball, 56)
Batting: SHB Ray Reid 0-0: Called Strike
0-1: Ball
1-1: Called Strike
1-2: Ball
Isaac Ridings steals 2nd base
2-2: Foul Ball, location: 2F
2-2: Ball
3-2: Base on Balls
Batting: SHB Ron Estes 0-0: Ball
1-0: Ball
2-0: Foul Ball, location: 2F
2-1: Ball
3-1: Base on Balls
Isaac Ridings to third
Ray Reid to second
Batting: RHB António Muńóz 0-0: Ball
1-0: Fielders Choice at 2nd, 6-4 (Groundball, 6)
Isaac Ridings scores
Ray Reid to third
Batting: RHB Carlos Gómez 0-0: Called Strike
0-1: SINGLE (Line Drive, 7LM)
Ray Reid scores
António Muńóz to second
Batting: SHB Ken Austin 0-0: Ball
1-0: Fly out, F8 (Flyball, 8LM)
Top of the 3rd over - 3 run(s), 3 hit(s), 0 error(s), 2 left on base; Notre Dame 3 - Oklahoma 2
BOTTOM OF THE 3RD
Oklahoma Sooners batting - Pitching for Notre Dame Fighting Irish : RHP Bill Wiggins
Batting: SHB César Álvarez 0-0: Ball
1-0: Called Strike
1-1: Foul Ball, location: 2F
1-2: Foul Ball, location: 2F
1-2: Foul Ball, location: 2F
1-2: DOUBLE (Flyball, 7LM)
Batting: RHB Ralph Hayes 0-0: Foul Ball, location: 2F
0-1: Foul Ball, location: 2F
0-2: Strikes out swinging
Batting: SHB Donald Reed 0-0: Ground out 1-3 (Groundball, 25)
Batting: RHB Rafael Barajas 0-0: Ground out 6-3 (Groundball, 6)
Bottom of the 3rd over - 0 run(s), 1 hit(s), 0 error(s), 1 left on base; Notre Dame 3 - Oklahoma 2
TOP OF THE 4TH
Notre Dame Fighting Irish batting - Pitching for Oklahoma Sooners : LHP Bob Pitchforth
Batting: LHB Lou Goeble 0-0: Ball
1-0: Ball
2-0: Called Strike
2-1: Foul Ball, location: 2F
2-2: Foul Ball, location: 2F
2-2: Fly out, F5 (Popup, 5SF)
Batting: RHB Ron Campbell 0-0: Called Strike
0-1: Called Strike
0-2: Foul Ball, location: 2F
0-2: Strikes out looking
Batting: RHB Lee Scott 0-0: Called Strike
0-1: Ball
1-1: Swinging Strike
1-2: Strikes out swinging
Top of the 4th over - 0 run(s), 0 hit(s), 0 error(s), 0 left on base; Notre Dame 3 - Oklahoma 2
BOTTOM OF THE 4TH
Oklahoma Sooners batting - Pitching for Notre Dame Fighting Irish : RHP Bill Wiggins
Batting: RHB Steven Wright 0-0: Ball
1-0: Swinging Strike
1-1: Called Strike
1-2: Ball
2-2: Foul Ball, location: 2F
2-2: Strikes out swinging
Batting: RHB José Ramos 0-0: SINGLE (Flyball, 9S)
Batting: SHB Ryan Holcomb 0-0: Foul Ball, location: 2F
0-1: Ball
1-1: Ball
2-1: Called Strike
2-2: Ball
3-2: SINGLE (Flyball, 78M)
José Ramos to second
Batting: RHB Chris Wilson 0-0: Ball
1-0: SINGLE (Flyball, 8LS)
José Ramos to third
Ryan Holcomb to second
Runner from 3rd tries for Home, throw and OUT!
Ryan Holcomb to third
Chris Wilson to second
Batting: LHB Keith Green 0-0: Ball
1-0: Called Strike
1-1: Ball
2-1: Foul Ball, location: 2F
2-2: Ball
3-2: Fly out, F7 (Flyball, 7LSF)
Bottom of the 4th over - 0 run(s), 3 hit(s), 0 error(s), 2 left on base; Notre Dame 3 - Oklahoma 2
TOP OF THE 5TH
Notre Dame Fighting Irish batting - Pitching for Oklahoma Sooners : LHP Bob Pitchforth
Batting: RHB Isaac Ridings 0-0: Called Strike
0-1: Ball
1-1: Ball
2-1: Ball
3-1: Base on Balls
Batting: SHB Ray Reid 0-0: Ball
1-0: Foul Ball, location: 2F
1-1: Called Strike
1-2: Strikes out swinging
Batting: SHB Ron Estes 0-0: Called Strike
0-1: Swinging Strike
0-2: Ball
1-2: Strikes out looking
Batting: RHB António Muńóz 0-0: Ball
1-0: Swinging Strike
1-1: Called Strike
1-2: Ball
2-2: Ball
3-2: Base on Balls
Isaac Ridings to second
Pitching: RHP Tom Evans
Batting: RHB Carlos Gómez 0-0: Called Strike
0-1: Foul Ball, location: 2F
0-2: Strikes out swinging
Top of the 5th over - 0 run(s), 0 hit(s), 0 error(s), 2 left on base; Notre Dame 3 - Oklahoma 2
BOTTOM OF THE 5TH
Oklahoma Sooners batting - Pitching for Notre Dame Fighting Irish : RHP Bill Wiggins
Batting: SHB César Álvarez 0-0: Called Strike
0-1: Foul Ball, location: 2F
0-2: Foul Ball, location: 2F
0-2: Ground out 6-3 (Groundball, 6M)
Batting: RHB Ralph Hayes 0-0: Called Strike
0-1: Ground out 6-3 (Groundball, 6)
Batting: SHB Donald Reed 0-0: Fly out, F6 (Popup, 56D)
Bottom of the 5th over - 0 run(s), 0 hit(s), 0 error(s), 0 left on base; Notre Dame 3 - Oklahoma 2
TOP OF THE 6TH
Notre Dame Fighting Irish batting - Pitching for Oklahoma Sooners : RHP Tom Evans
Batting: SHB Ken Austin 0-0: SOLO HOME RUN (Flyball, 9D), Distance : 361 ft
Batting: LHB Lou Goeble 0-0: Ball
1-0: Swinging Strike
1-1: Foul Ball, location: 2F
1-2: Strikes out swinging
Batting: RHB Ron Campbell 0-0: Swinging Strike
0-1: Called Strike
0-2: Ball
1-2: Ball
2-2: Foul Ball, location: 2F
2-2: Strikes out swinging
Batting: RHB Lee Scott 0-0: Ball
1-0: Foul Ball, location: 2F
1-1: Swinging Strike
1-2: Ball
2-2: Foul Ball, location: 2F
2-2: Foul Ball, location: 2F
2-2: Strikes out swinging
Top of the 6th over - 1 run(s), 1 hit(s), 0 error(s), 0 left on base; Notre Dame 4 - Oklahoma 2
BOTTOM OF THE 6TH
Oklahoma Sooners batting - Pitching for Notre Dame Fighting Irish : RHP Bill Wiggins
Batting: RHB Rafael Barajas 0-0: Called Strike
0-1: Swinging Strike
0-2: Ball
1-2: Foul Ball, location: 2F
1-2: Foul Ball, location: 2F
1-2: Strikes out looking
Pitching: LHP Orlando Sánchez
Batting: RHB Steven Wright 0-0: Ball
1-0: Called Strike
1-1: Foul Ball, location: 2F
1-2: Ball
2-2: DOUBLE (Groundball, 3L)
Batting: RHB José Ramos 0-0: Called Strike
0-1: Ball
1-1: Ball
2-1: Ball
3-1: Base on Balls
Batting: SHB Ryan Holcomb 0-0: Called Strike
0-1: Swinging Strike
0-2: Strikes out looking
Batting: RHB Chris Wilson 0-0: Ball
1-0: Ball
2-0: Ball
3-0: Base on Balls
Steven Wright to third
José Ramos to second
Batting: LHB Keith Green 0-0: Foul Ball, location: 2F
0-1: Swinging Strike
0-2: Ball
1-2: Foul Ball, location: 2F
1-2: Ball
2-2: Strikes out swinging
Bottom of the 6th over - 0 run(s), 1 hit(s), 0 error(s), 3 left on base; Notre Dame 4 - Oklahoma 2
TOP OF THE 7TH
Notre Dame Fighting Irish batting - Pitching for Oklahoma Sooners : RHP Tom Evans
Batting: RHB Isaac Ridings 0-0: Ball
1-0: Ball
2-0: Foul Ball, location: 2F
2-1: Ball
3-1: Base on Balls
Batting: SHB Ray Reid 0-0: Bunted foul
0-1: Sac Bunt - play at first, batter OUT! 1-4
Isaac Ridings to second
Batting: SHB Ron Estes 0-0: Called Strike
0-1: Foul Ball, location: 2F
0-2: Fly out, F9 (Line Drive, 9M)
Batting: RHB António Muńóz 0-0: Ball
1-0: Ball
2-0: Foul Ball, location: 2F
2-1: Called Strike
2-2: Ball
3-2: Base on Balls
Pitching: RHP Neil Adams
Batting: RHB Carlos Gómez 0-0: Called Strike
0-1: Ground out 6-3 (Groundball, 6)
Top of the 7th over - 0 run(s), 0 hit(s), 0 error(s), 2 left on base; Notre Dame 4 - Oklahoma 2
BOTTOM OF THE 7TH
Oklahoma Sooners batting - Pitching for Notre Dame Fighting Irish : LHP Orlando Sánchez
Batting: SHB César Álvarez 0-0: Ball
1-0: Called Strike
1-1: Ball
2-1: Swinging Strike
2-2: Foul Ball, location: 2F
2-2: Foul Ball, location: 2F
2-2: Foul Ball, location: 2F
2-2: Ball
3-2: Strikes out swinging
Batting: RHB Ralph Hayes 0-0: Called Strike
0-1: Ball
1-1: Swinging Strike
1-2: Ball
2-2: Strikes out swinging
Batting: SHB Donald Reed 0-0: Called Strike
0-1: Ball
1-1: Foul Ball, location: 2F
1-2: Strikes out swinging
Bottom of the 7th over - 0 run(s), 0 hit(s), 0 error(s), 0 left on base; Notre Dame 4 - Oklahoma 2
TOP OF THE 8TH
Notre Dame Fighting Irish batting - Pitching for Oklahoma Sooners : RHP Neil Adams
Batting: SHB Ken Austin 0-0: Ground out 4-3 (Groundball, 34)
Batting: LHB Lou Goeble 0-0: Called Strike
0-1: Foul Ball, location: 2F
0-2: Foul Ball, location: 2F
0-2: Ball
1-2: Ball
2-2: Foul Ball, location: 2F
2-2: Fly out, F8 (Flyball, 8RM)
Batting: RHB Ron Campbell 0-0: Fly out, F1 (Popup, 25F)
Top of the 8th over - 0 run(s), 0 hit(s), 0 error(s), 0 left on base; Notre Dame 4 - Oklahoma 2
BOTTOM OF THE 8TH
Oklahoma Sooners batting - Pitching for Notre Dame Fighting Irish : LHP Orlando Sánchez
Batting: RHB Rafael Barajas 0-0: SINGLE (Groundball, 34D)
Batting: RHB Steven Wright 0-0: Ball
1-0: Called Strike
1-1: Swinging Strike
1-2: Ball
2-2: Ball
3-2: Base on Balls
Rafael Barajas to second
Batting: RHB José Ramos 0-0: Called Strike
0-1: Fly out, F4 (Popup, 4)
Pitching: RHP Kenny Nolan
Batting: SHB Ryan Holcomb 0-0: Ball
1-0: Ball
2-0: Called Strike
2-1: Foul Ball, location: 2F
2-2: Fly out, F4 (Line Drive, 4)
2-2: Lined into DP, 4-6 (Line Drive, 4)
Bottom of the 8th over - 0 run(s), 1 hit(s), 0 error(s), 1 left on base; Notre Dame 4 - Oklahoma 2
TOP OF THE 9TH
Notre Dame Fighting Irish batting - Pitching for Oklahoma Sooners : RHP Neil Adams
Batting: RHB Lee Scott 0-0: Called Strike
0-1: Foul Ball, location: 2F
0-2: Ball
1-2: Ball
2-2: Fly out, F6 (Line Drive, 6M)
Batting: RHB Isaac Ridings 0-0: Swinging Strike
0-1: Swinging Strike
0-2: Foul Ball, location: 2F
0-2: Strikes out swinging
Batting: SHB Ray Reid 0-0: Called Strike
0-1: Ball
1-1: Ball
2-1: Foul Ball, location: 2F
2-2: Ball
3-2: Strikes out swinging
Top of the 9th over - 0 run(s), 0 hit(s), 0 error(s), 0 left on base; Notre Dame 4 - Oklahoma 2
BOTTOM OF THE 9TH
Oklahoma Sooners batting - Pitching for Notre Dame Fighting Irish : RHP Kenny Nolan
Pitching: RHP Gabe Mills
Batting: RHB Chris Wilson 0-0: Ground out 6-3 (Groundball, 6)
Batting: LHB Keith Green 0-0: Ball
1-0: Foul Ball, location: 2F
1-1: Foul Ball, location: 2F
1-2: Strikes out swinging
Batting: SHB César Álvarez 0-0: Foul Ball, location: 2F
0-1: Foul Ball, location: 2F
0-2: Ball
1-2: Strikes out swinging
Bottom of the 9th over - 0 run(s), 0 hit(s), 0 error(s), 0 left on base; Notre Dame 4 - Oklahoma 2
This league is powered by Out of the Park Baseball, the baseball management simulation game for PC, Mac and Linux
Tuesday, August 2nd, 2016 - OOTP Baseball 16.8 Build 38